 Dungeon Crawl Stone Soup version 0.18-a0-1396-g8753ca6 (webtiles) character file.

2757 Kidiri the Thaumaturge (level 9, -8/51 HPs)
             Began as a Deep Elf Fire Elementalist on Feb 23, 2016.
             Was an Initiate of Vehumet.
             Shot with an arrow by a centaur (14 damage)
             ... on level 7 of the Dungeon.
             The game lasted 00:33:33 (10936 turns).

Kidiri the Thaumaturge (DEFE)                      Turns: 10936, Time: 00:33:34

Health: -8/51      AC:  3    Str:  5    XL:     9   Next: 41%
Magic:  18/23      EV: 15    Int: 26    God:    Vehumet [......]
Gold:   411        SH:  0    Dex: 17    Spells: 7 memorised, 2 levels left

rFire  . . .     SeeInvis .     i - +1 short sword (drain)
rCold  . . .     Gourm    .     a - +1 robe
rNeg   . . .     Faith    .     (no shield)
rPois  .         Spirit   .     (no helmet)
rElec  .         Dismiss  .     (no cloak)
rCorr  +         Reflect  .     (no gloves)
SustAt .         Harm     .     (no boots)
MR     .....     Rnd*Rage +     (no amulet)
Stlth  ++++......               y - ring of resist corrosion
                                u - ring of flight

@: very slightly contaminated, not resistant to hostile enchantments, stealthy
A: hooves 1, thin skeletal structure 1, berserk 2, clever 1
a: Renounce Religion, Evoke Flight


You were on level 7 of the Dungeon.
You worshipped Vehumet.
Vehumet was noncommittal.
You were not hungry.

You visited 2 branches of the dungeon, and saw 8 of its levels.
You also visited: Sewer and Ossuary.

You collected 411 gold pieces.

Inventory:

Hand Weapons
 i - a +1 short sword of draining (weapon)
Armour
 a - a +1 robe (worn)
Jewellery
 m - an uncursed ring of ice
 u - a ring of flight (left hand)
 y - a ring of resist corrosion (right hand)
Wands
 q - a wand of lightning (10/15)
 C - a wand of enslavement (10/24)
 E - a wand of enslavement (6/24)
Scrolls
 e - 2 scrolls of immolation
 g - 2 scrolls of remove curse
 n - 2 scrolls of blinking
 A - 3 scrolls of teleportation
 I - a scroll of fog
Potions
 d - 3 potions of agility
 f - a potion of berserk rage
 j - 2 potions of curing
 k - a potion of cancellation
 o - a potion of resistance
 p - 3 potions of might
 v - 6 potions of flight
 x - 2 potions of haste
 D - a potion of ambrosia
Books
 b - a book of Flames

   Spells                             Type                      Level
   a - Flame Tongue                   Conjuration/Fire             1
   b - Throw Flame                    Conjuration/Fire             2
   c - Conjure Flame                  Conjuration/Fire             3
   d - Inner Flame                    Hexes/Fire                   3
   e - Sticky Flame                   Conjuration/Fire             4
   f - Fireball                       Conjuration/Fire             5
 F - a book of the Sky

   Spells                             Type                      Level
   a - Summon Lightning Spire         Summoning/Air                4
   b - Airstrike                      Air                          4
   c - Silence                        Hexes/Air                    5
   d - Deflect Missiles               Charms/Air                   6
   e - Conjure Ball Lightning         Conjuration/Air              6
   f - Tornado                        Air                          9
Comestibles
 c - 4 bread rations
 l - a chunk of flesh
 s - 12 fruits
 t - 2 meat rations
 B - a royal jelly
 H - 4 slices of pizza
 J - a beef jerky


   Skills:
 + Level 3.4 Fighting
 + Level 5.4 Dodging
 + Level 6.2 Stealth
 * Level 8.3 Spellcasting
 + Level 5.1 Conjurations
 + Level 5.0 Hexes
 + Level 5.9 Fire Magic
 + Level 1.8 Air Magic
 + Level 3.6 Evocations


You had 2 spell levels left.
You knew the following spells:

 Your Spells              Type           Power        Failure   Level  Hunger
a - Flame Tongue          Conj/Fire      #####        1%          1    None
b - Throw Flame           Conj/Fire      #####.       1%          2    None
c - Conjure Flame         Conj/Fire      #####...     1%          3    None
d - Inner Flame           Hex/Fire       #####...     1%          3    None
e - Sticky Flame          Conj/Fire      #####...     8%          4    ##.....
f - Fireball              Conj/Fire      #####.....   17%         5    ####...
g - Airstrike             Air            ###.......   30%         4    ##.....


Dungeon Overview and Level Annotations

Branches:
Dungeon (7/15)             Temple (1/1) D:6

Altars:
Ashenzari
Cheibriados
Dithmenos
Elyvilon
Fedhas
Gozag
Kikubaaqudgha
Makhleb
Nemelex Xobeh
Okawaru
Pakellas
Qazlal
Ru
Trog
Vehumet
Xom
Yredelemnul
Zin
The Shining One


Innate Abilities, Weirdness & Mutations

You have large cloven feet.
You have a somewhat thin skeletal structure (Dex +2, Stealth).
You often lose your temper in combat.
Your mind is acute. (Int +2)


Message History

Drink which item? (? for menu, Esc to quit)
Okay, then.
Unknown command.
Read which item? (? for menu, Esc to quit)
Blink to where?
Press: ? - help, Dir - move target cursor, p - centaur You can't see that place. [the floor.] Sorry, you can't target what you can't see.
Okay, then.
Unknown command.
Unknown command.
Unknown command.
Read which item? (? for menu, Esc to quit)
Blink to where?
Press: ? - help, Dir - move target cursor You are very lightly contaminated with residual magic.
As you read the scroll of blinking, it crumbles to dust.
The centaur shoots an arrow.
The arrow hits you!
You die...

..#
######........###.#.##.#...
..#
#....'.................#.##
..#
#.####.....######.#.#..#.#.
..# #.# #<#'#.# #.#.#..#.#.
..# #.# ###.#.####
#.#..#.#[#. ### #.#
#..>#....###.##...#.#. #.#
#.#....#.#.#.#....#.#.
#.####)##...#.#.#.#.#......
#.....).)[@.#...#.#.#.##.#.
######)#....###.#.#.#..#.#.
#.#..........#....#.#.
#.#......#.########...
#.####.#........######
#......#..#####.......
########.c# ######## ##..##
# #..#####


You could see a centaur.

Vanquished Creatures
  Duvessa (D:7)
  3 phantoms (D:4)
  Purgy (Sewer)
  A sky beast (D:6)
  An ice beast (D:7)
  3 ogres
  3 black bears (D:6)
  A centaur (D:6)
  An elf zombie (Ossuary)
  A big kobold (D:7)
  A giant frog (D:7)
  3 scorpions
  Dowan (D:7)
  A crimson imp (D:5)
  A centaur zombie (Ossuary)
  A giant frog zombie (D:5)
  3 hounds
  3 human zombies (Ossuary)
  A gnoll shaman (D:7)
  3 iguanas
  An orc priest (D:5)
  2 orc wizards (D:5)
  5 worker ants
  2 hound zombies (D:6)
  4 mummies
  A howler monkey skeleton (D:4)
  16 adders
  12 gnolls
  2 shadow imps
  An ooze (D:7)
  6 adder zombies
  2 adder skeletons
  3 worms
  5 dart slugs
  2 giant geckos
  8 orcs
  4 giant cockroaches
  2 gnoll zombies (Ossuary)
  8 goblins
  9 hobgoblins
  10 jackals
  16 kobolds
  6 quokkas
  A ball python skeleton (D:4)
  6 bats
  2 giant gecko skeletons
  2 giant gecko zombies (D:5)
  12 giant newts
  A goblin zombie (Ossuary)
  7 hobgoblin zombies (Ossuary)
  A jackal skeleton (D:5)
  5 jackal zombies
  A kobold zombie (Ossuary)
  An orc zombie (Ossuary)
  A quokka skeleton (D:4)
  4 quokka zombies (Ossuary)
  9 rats
  A rat zombie (Ossuary)
215 creatures vanquished.

Vanquished Creatures (others)
  6 fungi (D:7)
  8 plants (D:7)
14 creatures vanquished.

Grand Total: 229 creatures vanquished

Notes
Turn   | Place    | Note
--------------------------------------------------------------
     0 | D:1      | Kidiri the Deep Elf Fire Elementalist began the quest for the Orb.
     0 | D:1      | Reached XP level 1. HP: 10/10 MP: 6/6
   498 | D:1      | Reached XP level 2. HP: 15/15 MP: 4/8
   516 | D:1      | Learned a level 2 spell: Throw Flame
   954 | D:1      | Reached XP level 3. HP: 12/19 MP: 5/10
   969 | D:1      | Learned a level 3 spell: Conjure Flame
   973 | D:1      | Learned a level 3 spell: Inner Flame
  1594 | D:2      | Reached skill level 4 in Spellcasting
  1594 | D:2      | Reached skill level 1 in Hexes
  1594 | D:2      | Reached XP level 4. HP: 12/24 MP: 4/12
  2300 | D:2      | Found an opulent altar of Gozag.
  2778 | D:2      | Reached skill level 1 in Fighting
  2899 | D:2      | Reached XP level 5. HP: 29/29 MP: 10/13
  2960 | D:3      | Gained mutation: You tend to lose your temper in combat. [potion of mutation]
  2960 | D:3      | Gained mutation: You have a somewhat thin skeletal structure (Dex +2, Stealth). [potion of mutation]
  2960 | D:3      | Gained mutation: You have large cloven feet. [potion of mutation]
  3016 | D:3      | Found an oddly glowing altar of Pakellas.
  3077 | D:3      | Found a glowing silver altar of Zin.
  3077 | D:3      | Found a burning altar of Makhleb.
  3078 | D:3      | Noticed a balrug
  3078 | D:3      | Noticed an angel
  3115 | D:3      | Found a shimmering altar of Xom.
  3115 | D:3      | Found a shimmering altar of Xom.
  3116 | D:3      | Found a shimmering altar of Xom.
  3119 | D:3      | Found a shimmering altar of Xom.
  3141 | D:3      | Found a sparkling altar of Nemelex Xobeh.
  3306 | D:3      | Found a glowing drain.
  3312 | Sewer    | Entered a sewer
  3523 | Sewer    | Noticed Purgy
  3530 | Sewer    | Killed Purgy
  3613 | Sewer    | Learned a level 4 spell: Sticky Flame
  3924 | D:3      | Reached XP level 6. HP: 26/34 MP: 8/15
  4181 | D:4      | Reached skill level 5 in Spellcasting
  4230 | D:4      | Found a blossoming altar of Fedhas.
  4231 | D:4      | Found a stormy altar of Qazlal.
  4309 | D:4      | Found a sand-covered staircase.
  4319 | Ossuary  | Entered an ossuary
  4728 | Ossuary  | Reached XP level 7. HP: 31/39 MP: 7/17
  5517 | Ossuary  | Reached skill level 1 in Evocations
  5551 | Ossuary  | Reached skill level 6 in Spellcasting
  5942 | D:4      | Learned a level 5 spell: Fireball
  6434 | D:4      | Gained mutation: Your mind is acute. (Int +2) [potion of mutation]
  6434 | D:4      | Gained mutation: You often lose your temper in combat. [potion of mutation]
  6853 | D:4      | Reached skill level 5 in Fire Magic
  6853 | D:4      | Reached XP level 8. HP: 45/45 MP: 8/19
  6934 | D:5      | Entered Level 5 of the Dungeon
  7830 | D:5      | Found a shattered altar of Ashenzari.
  8018 | D:5      | Reached skill level 5 in Stealth
  8295 | D:4      | Found a burning altar of Makhleb.
  8448 | D:6      | Found an ancient bone altar of Kikubaaqudgha.
  8458 | D:6      | Reached skill level 7 in Spellcasting
  8640 | D:6      | Found an ancient bone altar of Kikubaaqudgha.
  8640 | D:6      | Found a white marble altar of Elyvilon.
  8973 | D:6      | Found a bloodstained altar of Trog.
  8976 | D:6      | Reached skill level 5 in Dodging
  8989 | D:6      | Learned a level 4 spell: Airstrike
  9053 | D:6      | Found a staircase to the Ecumenical Temple.
  9073 | Temple   | Entered the Ecumenical Temple
  9141 | Temple   | Became a worshipper of Vehumet
  9222 | D:6      | Found a basalt altar of Yredelemnul.
  9234 | D:6      | Reached XP level 9. HP: 45/50 MP: 8/22
  9792 | D:7      | Noticed Duvessa
  9792 | D:7      | Noticed Dowan
  9803 | D:7      | Killed Dowan
  9804 | D:7      | Killed Duvessa
  9959 | D:7      | Reached skill level 1 in Air Magic
  9959 | D:7      | Reached skill level 8 in Spellcasting
 10336 | D:7      | Found a snail-covered altar of Cheibriados.
 10423 | D:7      | Reached skill level 5 in Conjurations
 10423 | D:7      | Reached skill level 5 in Hexes
 10936 | D:7      | Shot with an arrow by a centaur

Vault maps used:
D:1:      dpeg_arrival_snail
D:2:      lemuel_coloured_pillars_altar
D:3:      grunt_temple_overflow_order_and_chaos_2, xom_redecorated,
          old_standard_altar, nemelex_deck, lightli_sewer_entry_pipes
D:4:      lemuel_upstairs_altar, grunt_temple_overflow_forces_of_nature,
          chequers_ossuary_entry_cave, first_bread
D:5:      kennysheep_mini_moat
D:6:      overflow_temple_1_default, trog_ov_bears_minmay,
          gammafunk_temple_overflow_elements, minmay_temple_entry_junction,
          basic_altar
D:7:      kennysheep_seaside_town, slow_altar_2, uniq_duvessa
Temple:   nicolae_temple_hex_pool_5
Sewer:    sewer_co_purgy_island
Ossuary:  minmay_ossuary_two_tombs

Skill      XL: |  1  2  3  4  5  6  7  8  9 |
---------------+----------------------------+-----
Conjurations   | 2 3 4 5 |  5.1
Spellcasting   | 4 5 6 7 8 |  8.3
Hexes          | 1 2 3 4 5 |  5.0
Stealth        | 3 4 5 6 |  6.2
Fighting       | 1 2 3 |  3.4
Fire Magic     | 4 5 |  5.9
Dodging        | 3 4 5 |  5.4
Evocations     | 1 3 |  3.6
Air Magic      | 1 |  1.8

Action                   |  1- 3 |  4- 6 |  7- 9 || total
-------------------------+-------+-------+-------++-------
Melee: Unarmed           |    14 |       |       ||    14
       Short sword       |     9 |    26 |    29 ||    64
 Cast: Flame Tongue      |    53 |    87 |   184 ||   324
       Throw Flame       |     9 |    42 |    85 ||   136
       Conjure Flame     |     1 |     4 |    17 ||    22
       Inner Flame       |     1 |       |     5 ||     6
       Sticky Flame      |       |       |     6 ||     6
  Use: Scroll            |     6 |     7 |    10 ||    23
       Potion            |       |     1 |     4 ||     5
 Stab: Sleeping          |       |     5 |     3 ||     8
  Eat: Chunk             |     2 |     9 |    13 ||    24
       Fruit             |       |     3 |       ||     3
       Pizza             |       |     1 |       ||     1
       Meat ration       |       |       |     1 ||     1
